 Dungeon Crawl Stone Soup version 0.22-a0-601-gb0ed703ee0 (webtiles) character file.

3446 PikkenKukken the Skirmisher (level 9, -4/79 HPs)
             Began as a Purple Draconian Fighter on July 7, 2018.
             Was a Believer of Makhleb.
             Slain by an orc warrior
             ... wielding a cursed +0 trident
              (25 damage)
             ... on level 7 of the Dungeon.
             The game lasted 00:30:27 (10440 turns).

PikkenKukken the Skirmisher (DrFi)                 Turns: 10440, Time: 00:30:28

Health: -4/79      AC:  9    Str: 19    XL:     9   Next: 77%
Magic:  13/13      EV: 13    Int: 11    God:    Makhleb [**....]
Gold:   536        SH: 11    Dex: 11    Spells: 14/14 levels left

rFire    + . .     SeeInvis .   A - +3 rapier (holy)
rCold    . . .     Gourm    +   b - +1 shield
rNeg     + . .     Faith    .   (armour unavailable)
rPois    .         Spirit   .   (helmet restricted)
rElec    .         Reflect  .   (no cloak)
rCorr    .         Harm     .   s - +0 pair of gloves
MR       +....     Rnd*Rage +   r - +0 pair of boots {run}
Stlth    +.........             o - amulet of the gourmand
HPRegen  0.23/turn              x - ring of positive energy
MPRegen  0.13/turn              l - ring of protection from fire

@: quick
A: breathe power, unfitting armour, stinger 1, berserk 1, clever 1, clumsy 1,
cold-blooded, AC +7
a: Breathe Dispelling Energy, Minor Destruction, Renounce Religion


You were on level 7 of the Dungeon.
You worshipped Makhleb.
Makhleb was pleased with you.
You were completely stuffed.

You visited 1 branch of the dungeon, and saw 9 of its levels.

You collected 536 gold pieces.

Inventory:

Hand Weapons
 a - a +0 rapier
 j - a -1 dagger
 m - a +1 short sword of protection
 A - a +3 rapier of holy wrath (weapon)
Missiles
 v - 2 tomahawks (quivered)
Armour
 b - a +1 shield (worn)
 g - a +0 pair of boots
 r - a +0 pair of boots of running (worn)
 s - a +0 pair of gloves (worn)
Jewellery
 l - a ring of protection from fire (right hand)
 o - an amulet of the gourmand (around neck)
 x - a ring of positive energy (left hand)
 y - a -4 ring of strength
Wands
 i - a wand of flame (27)
 p - a wand of iceblast (11)
 w - a wand of enslavement (12)
Scrolls
 n - 2 scrolls of amnesia
 D - a scroll of identify
Potions
 e - 3 potions of mutation
 f - 2 potions of resistance
 h - a potion of ambrosia
 k - a potion of cancellation
 q - a potion of heal wounds
 t - 2 potions of lignification
 u - 2 potions of invisibility
 B - a potion of flight
Comestibles
 d - 18 rations
 z - 4 chunks of flesh


   Skills:
 + Level 7.0 Fighting
 + Level 5.9 Short Blades
 + Level 5.0 Throwing
 + Level 5.9 Dodging
 + Level 6.5 Shields
 - Level 3.2 Spellcasting
 + Level 3.2 Invocations
 + Level 3.2 Evocations


You had 14 spell levels left.
You didn't know any spells.
Your spell library contained the following spells:

 Spells                   Type           Power        Failure   Level  Hunger
 Confuse                  Hex            #.......     93%         3    ###....
 Confusing Touch          Hex            #.....       61%         1    #......
 Metabolic Englaciation   Hex/Ice        #.........   100%        5    ######.
 Petrify                  Tmut/Erth      #.......     100%        4    #####..
 Gell's Gravitas          Tloc           #.........   93%         3    ###....
 Yara's Violent Unravell  Hex/Tmut       #.........   100%        5    ######.


Dungeon Overview and Level Annotations

Branches:
Dungeon (9/15)             Temple (0/1) D:6             Orc (0/2) D:9
   Lair: D:8-11

Altars:
Cheibriados
Dithmenos
Fedhas
Kikubaaqudgha
Makhleb
Nemelex Xobeh
Qazlal
Ru
Sif Muna
Uskayaw
Wu Jian
Xom
Zin
The Shining One

Annotations:
D:3 1 runed door, Brozuf's ghost, amateur DEFE
D:8 Gastronok


Innate Abilities, Weirdness & Mutations

You can breathe bolts of dispelling energy.
Your rich purple scales are hard. (AC +7)
You cannot fit into any form of body armour.
You are cold-blooded and may be slowed by cold attacks.
Your tail ends in a poisonous barb.
You tend to lose your temper in combat.
Your mind is acute. (Int +2)
You are clumsy. (Dex -2)


Message History

Okay, then.
Okay, then.
You closely miss the orc priest.
The orc priest mumbles some strange prayers to Beogh against you.
Beogh smites you!
The sentinel's mark upon you fades away.
An orc opens the door.
The orc priest mumbles some strange prayers to Beogh against you.
You resist with some effort.
The orc priest invokes the aid of Beogh against you.
You resist with some effort.
The orc priest looks encouraged for a moment.
The orc warrior closely misses you.
The orc warrior hits you from afar with a trident!
* * * LOW HITPOINT WARNING * * *
The orc priest mumbles some strange prayers to Beogh against you.
You resist with some effort.
You open the door.
The orc warrior hits you from afar with a trident!!
You die...

.....#
........#
.....# ... ....
.......# ######
..#+###... ...#
##+#........
###+##..
#..#.......
#....#.. #..+
..... #....#..
#..# ...
#.[..#..
#..####'###
#....#..
#####...o.o@..#
#....#..
#........o....#
+....#..
#......J......#
#....'..
#..##.o########
#...##..
#+###..###
#+###...####
#........#
#....>......
#........#
+...........
#..##....#
#####...####
#..##....#
#...#


You could see an orc warrior, a jelly, 2 orc priests and an orc.

Vanquished Creatures
  A hippogriff (D:7)
  A hungry ghost (D:9)
  3 orc warriors
  A sky beast (D:6)
  2 black bears
  2 ice beasts
  A necrophage (D:8)
  3 ogres
  5 centaurs
  A big kobold (D:8)
  A bullfrog (D:9)
  3 scorpions
  A jelly (D:5)
  A killer bee (D:8)
  3 wights (D:8)
  4 howler monkeys (D:8)
  A crimson imp (D:6)
  3 hounds
  10 orc wizards
  2 orc priests
  Jessica (D:2)
  6 worker ants
  A killer bee zombie (D:8)
  2 hound zombies (D:6)
  A hound skeleton (D:3)
  7 gnolls
  9 adders
  2 shadow imps
  2 oozes
  2 adder skeletons (D:8)
  5 worms
  5 dart slugs
  6 leopard geckos
  32 orcs
  2 ball pythons
  7 giant cockroaches
  10 goblins
  2 hobgoblins (D:3)
  10 jackals
  13 kobolds
  6 quokkas
  7 bats
  5 frilled lizards
  11 rats
203 creatures vanquished.

Notes
Turn   | Place    | Note
-------+----------+-------------------------------------------
     0 | D:1      | PikkenKukken the Draconian Fighter began the quest for the Orb.
     0 | D:1      | Reached XP level 1. HP: 19/19 MP: 1/1
   216 | D:1      | Reached XP level 2. HP: 22/26 MP: 2/2
  1102 | D:2      | Reached XP level 3. HP: 22/31 MP: 3/3
  1245 | D:2      | Found an ornate altar of the Wu Jian Council.
  1264 | D:2      | Reached skill level 1 in Throwing
  1432 | D:2      | Noticed Jessica
  1441 | D:2      | Reached XP level 4. HP: 36/40 MP: 4/4
  1450 | D:2      | Killed Jessica
  1450 | D:2      | Reached skill level 4 in Fighting
  1688 | D:2      | Reached XP level 5. HP: 46/46 MP: 5/5
  1985 | D:2      | Found a glowing golden altar of the Shining One.
  3151 | D:3      | Reached XP level 6. HP: 52/53 MP: 6/6
  3699 | D:3      | Found a runed door.
  3699 | D:3      | Noticed Brozuf's ghost (amateur DEFE)
  4074 | D:4      | Gained mutation: Your mind is acute. (Int +2) [potion of mutation]
  4074 | D:4      | Gained mutation: You are clumsy. (Dex -2) [potion of mutation]
  4074 | D:4      | Lost mutation: You are clumsy. (Dex -2) [potion of mutation]
  4077 | D:4      | Found an ancient bone altar of Kikubaaqudgha.
  4119 | D:4      | Found a snail-covered altar of Cheibriados.
  4378 | D:4      | Your scales start taking on a rich purple colour.
  4378 | D:4      | Reached XP level 7. HP: 58/60 MP: 7/7
  4412 | D:4      | Reached skill level 5 in Fighting
  4791 | D:4      | Found a sparkling altar of Nemelex Xobeh.
  4873 | D:5      | Entered Level 5 of the Dungeon
  4892 | D:5      | Found a sacrificial altar of Ru.
  4961 | D:5      | Lost mutation: Your mind is acute. (Int +2) [potion of mutation]
  4961 | D:5      | Gained mutation: You tend to lose your temper in combat. [potion of mutation]
  4961 | D:5      | Gained mutation: Your mind is acute. (Int +2) [potion of mutation]
  4961 | D:5      | Gained mutation: You are clumsy. (Dex -2) [potion of mutation]
  4961 | D:5      | Gained mutation: Your tail ends in a poisonous barb. [potion of mutation]
  5034 | D:5      | Reached skill level 1 in Spellcasting
  5393 | D:5      | Found a burning altar of Makhleb.
  5514 | D:5      | Became a worshipper of Makhleb the Destroyer
  6190 | D:5      | Found a deep blue altar of Sif Muna.
  6376 | D:6      | Found a staircase to the Ecumenical Temple.
  6390 | D:6      | Reached skill level 5 in Shields
  6509 | D:6      | Reached XP level 8. HP: 69/69 MP: 11/11
  7007 | D:6      | Found a shimmering altar of Xom.
  7210 | D:6      | Found a sparkling altar of Nemelex Xobeh.
  7264 | D:6      | Found a stormy altar of Qazlal.
  7349 | D:6      | Found a shimmering altar of Xom.
  7349 | D:6      | Found a glowing silver altar of Zin.
  7351 | D:6      | Found a radiant altar of Vehumet.
  7351 | D:6      | Found a shadowy altar of Dithmenos.
  7351 | D:6      | Found a sacrificial altar of Ru.
  7983 | D:6      | Reached skill level 6 in Fighting
  8031 | D:7      | Reached skill level 5 in Dodging
  8102 | D:7      | Noticed a two-headed ogre
  8530 | D:8      | Noticed a two-headed ogre
  8568 | D:9      | Reached skill level 5 in Short Blades
  8623 | D:9      | Reached skill level 1 in Invocations
  8623 | D:9      | Reached skill level 1 in Evocations
  8705 | D:9      | Found a staircase to the Orcish Mines.
  8793 | D:9      | Reached XP level 9. HP: 46/77 MP: 13/13
  9170 | D:9      | Found a blossoming altar of Fedhas.
  9199 | D:9      | Reached * piety under Makhleb
  9514 | D:8      | Found a shadowy altar of Dithmenos.
  9539 | D:8      | Identified a +0 pair of boots of running (You found it on level 8 of the Dungeon)
 10205 | D:8      | Noticed Gastronok
 10256 | D:7      | Found a hide-covered altar of Uskayaw.
 10259 | D:7      | Noticed a hand axe
 10260 | D:7      | Noticed a hand axe
 10284 | D:7      | Reached ** piety under Makhleb
 10284 | D:7      | Reached skill level 7 in Fighting
 10415 | D:7      | Reached skill level 5 in Throwing
 10440 | D:7      | Slain by an orc warrior

Vault maps used:
D:1:      saegor_arrival_simple_a
D:2:      nicolae_tso_carved_into_rock, nicolae_overflow_crystal_walls,
          kennysheep_jessica_study
D:3:      gammafunk_ghost_grave
D:4:      kennysheep_little_box, kennysheep_slug_shrine,
          kiku_gazebo_garden_becter
D:5:      bloody_makhleb, tgw_sif, first_ration, nicolae_ru_sacrificial_ziggurat
D:6:      old_standard_altar, doesnt_xom_only_xom,
          minmay_temple_entry_from_below_a, nemelex_lonely_heart_becter
D:7:      dancing_weapons_uskayaw
D:8:      nicolae_dithmenos_the_darkroom, enter_bailey_2, uniq_gastronok
D:9:      fedhas_altar_1, orc_david_3

Skill      XL: |  1  2  3  4  5  6  7  8  9 |
---------------+----------------------------+-----
Dodging        | 3 4 5 |  5.9
Throwing       | 1 2 3 4 5 |  5.0
Fighting       | 4 5 6 7 |  7.0
Short Blades   | 3 4 5 |  5.9
Shields        | 4 5 6 |  6.5
Spellcasting   | 2 3 |  3.2
Invocations    | 1 3 |  3.2
Evocations     | 1 3 |  3.2

Action                   |  1- 3 |  4- 6 |  7- 9 || total
-------------------------+-------+-------+-------++-------
Melee: Rapier            |    94 |   262 |   160 ||   516
       Tailslap          |    13 |    39 |    75 ||   127
       Short sword       |       |    39 |   397 ||   436
       Dagger            |       |     8 |       ||     8
Throw: Tomahawk          |       |       |    20 ||    20
 Abil: Breathe Dispellin |       |       |     5 ||     5
Evoke: Wand              |       |       |     5 ||     5
  Use: Scroll            |     4 |     8 |    11 ||    23
       Potion            |     1 |     2 |     4 ||     7
 Stab: Sleeping          |     1 |     5 |       ||     6
       Invisible         |       |       |     2 ||     2
  Eat: Ration            |     1 |     1 |     1 ||     3
       Chunk             |       |     5 |    34 ||    39
Armor: Skin              |    21 |    79 |   171 ||   271
Dodge: Dodged            |    48 |   119 |   289 ||   456
Block: Shield            |    33 |   144 |   398 ||   575

Table legend:
 A = Spawn XP
 B = Non-spawn XP
 C = Spawn XP percentage of total XP
 D = Spawn monster count
 E = Non-spawn monster count
 F = Spawn count percentage of total count
 G = Total turns spent on level
                    A         B        C        D         E        F      G
               +---------+---------+-------+---------+---------+-------+---------
         Total |       0 |    4923 |   0.0 |       0 |     203 |   0.0 | 10440
               +---------+---------+-------+---------+---------+-------+---------
           D:1 |       0 |      71 |   0.0 |       0 |      22 |   0.0 |  1453
           D:2 |       0 |     273 |   0.0 |       0 |      44 |   0.0 |  1586
           D:3 |       0 |     258 |   0.0 |       0 |      33 |   0.0 |  1133
           D:4 |       0 |     408 |   0.0 |       0 |       9 |   0.0 |  1077
           D:5 |       0 |     297 |   0.0 |       0 |      13 |   0.0 |  1067
           D:6 |       0 |     778 |   0.0 |       0 |      15 |   0.0 |  1928
           D:7 |       0 |     578 |   0.0 |       0 |       7 |   0.0 |   510
           D:8 |       0 |    1180 |   0.0 |       0 |      30 |   0.0 |   729
           D:9 |       0 |    1080 |   0.0 |       0 |      30 |   0.0 |   957
               +---------+---------+-------+---------+---------+-------+---------
